 Dungeon Crawl Stone Soup version 0.19-a0-1073-g541410e (webtiles) character file.

292 DarthKuruptios the Digger (level 6, -1/32 HPs)
             Began as a Gargoyle Earth Elementalist on Aug 5, 2016.
             Slain by Ihatecarrots00's ghost (11 damage)
             ... on level 4 of the Dungeon.
             The game lasted 00:39:47 (4231 turns).

DarthKuruptios the Digger (GrEE)                    Turns: 4231, Time: 00:39:47

Health: -1/32      AC:  7    Str: 12    XL:     6   Next: 33%
Magic:  2/12       EV:  7    Int: 17    God:
Gold:   197        SH:  0    Dex: 12    Spells: 3 memorised, 4 levels left

rFire  . . .     SeeInvis .     b - 31 stones
rCold  . . .     Gourm    .     c - +0 robe
rNeg   + . .     Faith    .     (no shield)
rPois  ∞         Spirit   .     o - +0 helmet
rElec  +         Dismiss  .     (no cloak)
rCorr  +         Reflect  .     (no gloves)
SustAt .         Harm     .     (no boots)
MR     .....                    r - amulet of regeneration
Stlth  ++........               (no ring)
                                p - ring of resist corrosion

@:
A: thin skeletal structure 1, negative energy resistance 1, electricity
resistance, unbreathing, petrification resistance, rot immunity, AC +4
a: no special abilities


You were on level 4 of the Dungeon.
You were not hungry.

You visited 1 branch of the dungeon, and saw 4 of its levels.

You collected 197 gold pieces.

Inventory:

Missiles
 b - 31 stones (in hand)
Armour
 c - a +0 robe (worn)
 o - a +0 helmet (worn)
Jewellery
 k - an uncursed amulet of the gourmand
 p - a ring of resist corrosion (left hand)
 r - an amulet of regeneration (around neck)
Scrolls
 i - a scroll of identify
 j - a scroll of random uselessness
 t - 5 scrolls of amnesia
Potions
 a - a potion of cure mutation
 h - a potion of mutation
 l - a potion of cancellation
 m - a potion of flight {unknown}
 n - 2 potions of resistance {unknown}
 q - a potion of brilliance {unknown}
Books
 e - a book of Geomancy

   Spells                             Type                      Level
   a - Sandblast                      Earth                        1
   b - Passwall                       Transmutation/Earth          2
   c - Stone Arrow                    Conjuration/Earth            3
   d - Petrify                        Transmutation/Earth          4
   e - Lee's Rapid Deconstruction     Earth                        5
Comestibles
 d - 6 bread rations
 s - a slice of pizza
 u - 4 fruits


   Skills:
 - Level 0.2 Fighting
 - Level 2.1 Dodging
 - Level 2.3 Stealth
 * Level 4.1 Spellcasting
 + Level 2.1 Conjurations
   Level 0.7 Transmutations
 + Level 5.5 Earth Magic


You had 4 spell levels left.
You knew the following spells:

 Your Spells              Type           Power        Failure   Level  Hunger
a - Sandblast             Erth           ###...       1%          1    None
b - Stone Arrow           Conj/Erth      ###...       12%         3    ###....
c - Lee's Rapid Deconstr  Erth           ###.......   45%         5    ######.


Dungeon Overview and Level Annotations

Branches:
Dungeon (4/15)
 Temple: D:4-7

Altars:

Annotations:
D:4 Ihatecarrots00's ghost, amateur MiBe


Innate Abilities, Weirdness & Mutations

You are resistant to torment.
Your stone body is resilient. (AC +4)
You are immune to poison.
You resist negative energy. (rN+)
You are resistant to electric shocks. (rElec)
You can survive without breathing.
You are immune to petrification.
You are immune to rotting.
You have a somewhat thin skeletal structure. (Dex +2, Stealth)


Message History

Ihatecarrots00's ghost hits you.
* * * LOW HITPOINT WARNING * * *
Casting: Sandblast
Confirm with . or Enter, or press ? or * to list all spells.
Aiming: Sandblast
Press: ? - help, Shift-Dir - straight line, f/p - Ihatecarrots00's ghost
Aim: Ihatecarrots00's ghost The rocky blast hits Ihatecarrots00's ghost.
Ihatecarrots00's ghost hits you but does no damage.
You feel better. Ihatecarrots00's ghost hits you.
Ihatecarrots00's ghost hits you!
* * * LOW HITPOINT WARNING * * *
Ihatecarrots00's ghost takes a fighting stance.
Ihatecarrots00's ghost barely misses you.
Ihatecarrots00's ghost barely misses you.
Ihatecarrots00's ghost closely misses you.
Your magical contamination has completely faded away.
There is a stone staircase leading up here.
Ihatecarrots00's ghost hits you!
You die...

###### ##.....
#....#### #......
#.......# ##......
#.......# #.......
#......####.......
#####........##.......
#...................[.
##.......#####........
####@.### #........
#.W## ##....... #..#
#....... ##..#
##...... #..###
#...... ##....##
#...... #......#
#.....# ##......#
##..### #....[.## #..#


You could see Ihatecarrots00's ghost.

Vanquished Creatures
  Blork the orc (D:4)
  A worker ant (D:4)
  2 hound skeletons (D:4)
  A hound zombie (D:3)
  4 adders
  3 gnolls (D:3)
  2 oozes
  3 worms
  2 dart slugs
  3 giant geckos
  An orc (D:3)
  4 giant cockroaches
  8 hobgoblins
  3 jackals (D:3)
  10 kobolds
  A quokka (D:3)
  9 bats
  3 giant gecko skeletons (D:4)
  4 giant newts
  8 goblins
  8 rats
81 creatures vanquished.

Notes
Turn   | Place    | Note
-------+----------+-------------------------------------------
     0 | D:1      | DarthKuruptios the Gargoyle Earth Elementalist began the quest for the Orb.
     0 | D:1      | Reached XP level 1. HP: 10/10 MP: 3/3
   244 | D:1      | Reached XP level 2. HP: 15/15 MP: 0/5
   695 | D:1      | Reached skill level 4 in Earth Magic
  1063 | D:2      | Reached XP level 3. HP: 19/19 MP: 3/6
  1485 | D:2      | You fall through a shaft for 2 floors!
  1781 | D:2      | Learned a level 3 spell: Stone Arrow
  1967 | D:2      | Reached XP level 4. HP: 24/24 MP: 6/8
  2400 | D:2      | Upgraded the game from 0.19-a0-1072-g3763c35 to 0.19-a0-1073-g541410e
  2820 | D:3      | Reached XP level 5. HP: 27/28 MP: 1/10
  3275 | D:3      | Reached skill level 1 in Conjurations
  3519 | D:3      | Gained mutation: You have a somewhat thin skeletal structure. (Dex +2, Stealth) [potion of beneficial mutation]
  3528 | D:3      | Reached skill level 5 in Earth Magic
  3579 | D:4      | Noticed Blork the orc
  3589 | D:4      | Killed Blork the orc
  3724 | D:3      | Reached XP level 6. HP: 32/32 MP: 9/11
  3932 | D:4      | Learned a level 5 spell: Lee's Rapid Deconstruction
  4122 | D:4      | Noticed Ihatecarrots00's ghost (amateur MiBe)
  4231 | D:4      | Slain by Ihatecarrots00's ghost

Vault maps used:
D:1:      minmay_arrival_plants_in_alcoves
D:2:      first_bread
D:4:      yredelemnul_forgotten_temple_becter, uniq_eustachio, uniq_edmund,
          uniq_blork_the_orc

Skill      XL: |  1  2  3  4  5  6 |
---------------+-------------------+-----
Earth Magic    | 4 5 |  5.5
Dodging        | 2 |  2.1
Spellcasting   | 3 4 |  4.1
Conjurations   | 2 |  2.1
Fighting       | |  0.2
Stealth        | |  2.3
Transmutations | |  0.7

Action                   |  1- 3 |  4- 6 || total
-------------------------+-------+-------++-------
Melee: Unarmed           |     2 |     5 ||     7
 Cast: Sandblast         |    69 |   133 ||   202
       Lee's Rapid Decon |       |     2 ||     2
  Use: Scroll            |     6 |     6 ||    12
       Potion            |       |     3 ||     3
  Eat: Chunk             |    14 |     2 ||    16
Armor: Robe              |     9 |    17 ||    26
       Scale mail        |    34 |    52 ||    86
Dodge: Dodged            |    39 |    89 ||   128
